NYP
ROME BRAVES @ HILLSBORO HOPS
08/05/2045
 
TOP OF THE 1ST
Rome Braves batting - Pitching for Hillsboro Hops : LHP Afanasy Apatenko
Pitching: LHP Afanasy Apatenko
Batting: RHB Toki Takeuchi 0-0: Ball
1-0: Called Strike
1-1: Ball
2-1: Ball
3-1: Ground out 1-3 (Groundball, 13S, EV 68.1 MPH)
Batting: LHB Joe Phillips 0-0: Ball
1-0: Foul Ball, location: 2F
1-1: Called Strike
1-2: Strikes out swinging
Batting: RHB Hisayuki Akiyama 0-0: Called Strike
0-1: Foul Ball, location: 2F
0-2: Ball
1-2: SOLO HOME RUN (Flyball, 9D, EV 105.6 MPH), Distance : 408 ft
Batting: LHB Mike Tenorio 0-0: Ground out U3 (Groundball, 3L, EV 95.0 MPH)
Top of the 1st over - 1 run, 1 hit, 0 errors, 0 left on base; Rome 1 - Hillsboro 0
BOTTOM OF THE 1ST
Hillsboro Hops batting - Pitching for Rome Braves : RHP Ian Breaux
Pitching: RHP Ian Breaux
Batting: RHB Yasuo Nakata 0-0: Ball
1-0: Ball
2-0: Ball
3-0: Base on Balls
Batting: RHB Larry Hardman 0-0: Ball
Yasuo Nakata steals 2nd base
1-0: Foul Ball, location: 2F
1-1: Ball
2-1: Foul Ball, location: 2F
2-2: Reached on error, E6 (Groundball, 6, EV 85.0 MPH)
Yasuo Nakata to third
Batting: RHB Chad Mendoza 0-0: Called Strike
0-1: Ball
1-1: Ball
2-1: Foul Ball, location: 2F
2-2: Ball
3-2: Fielders Choice at 2nd, 4-6 (Groundball, 4, EV 86.9 MPH)
Yasuo Nakata scores
Batting: LHB Soo-yeon Kym 0-0: Called Strike
0-1: Ball
1-1: Swinging Strike
1-2: Strikes out swinging
Batting: RHB Jeremy Coffey 0-0: Ball
1-0: Foul Ball, location: 2F
1-1: Swinging Strike
1-2: Strikes out swinging
Bottom of the 1st over - 1 run, 0 hits, 1 error, 1 left on base; Rome 1 - Hillsboro 1
TOP OF THE 2ND
Rome Braves batting - Pitching for Hillsboro Hops : LHP Afanasy Apatenko
Batting: SHB Jordan Barragan 0-0: Ground out 1-3 (Groundball, 34S, EV 67.5 MPH)
Batting: RHB Andy Cunningham 0-0: Foul Ball, location: 2F
0-1: Ground out U3 (Groundball, 34S, EV 81.2 MPH)
Batting: RHB Peter Wheeler 0-0: Ground out 5-3 (Groundball, 56, EV 85.0 MPH)
Top of the 2nd over - 0 runs, 0 hits, 0 errors, 0 left on base; Rome 1 - Hillsboro 1
BOTTOM OF THE 2ND
Hillsboro Hops batting - Pitching for Rome Braves : RHP Ian Breaux
Batting: RHB Jeremy Adams 0-0: Called Strike
0-1: Foul Ball, location: 2F
0-2: Ball
1-2: Ball
2-2: Ball
3-2: Strikes out swinging
Batting: SHB Mike Kiefer 0-0: Ball
1-0: Called Strike
1-1: Foul Ball, location: 2F
1-2: Strikes out looking
Batting: RHB Trevor Corey 0-0: Ball
1-0: SINGLE (Groundball, 4D, EV 101.9 MPH)
Batting: RHB Larry Valencia 0-0: Ball
1-0: Called Strike
1-1: Foul Ball, location: 2F
1-2: Ball
2-2: Ball
Wild Pitch!
Trevor Corey to second
3-2: Strikes out swinging
Bottom of the 2nd over - 0 runs, 1 hit, 0 errors, 1 left on base; Rome 1 - Hillsboro 1
TOP OF THE 3RD
Rome Braves batting - Pitching for Hillsboro Hops : LHP Afanasy Apatenko
Batting: RHB Adonis Jenifer 0-0: Ground out U3 (Groundball, 34, EV 84.4 MPH)
Batting: LHB Malik Boulay 0-0: Ball
1-0: Swinging Strike
1-1: Called Strike
1-2: Strikes out swinging, 2-3 out at first.
Batting: RHB Toki Takeuchi 0-0: Ball
1-0: Foul Ball, location: 2F
1-1: Swinging Strike
1-2: Foul Ball, location: 2F
1-2: Foul Ball, location: 2F
1-2: Strikes out swinging
Top of the 3rd over - 0 runs, 0 hits, 0 errors, 0 left on base; Rome 1 - Hillsboro 1
BOTTOM OF THE 3RD
Hillsboro Hops batting - Pitching for Rome Braves : RHP Ian Breaux
Batting: RHB Yasuo Nakata 0-0: Ball
1-0: Ball
2-0: Called Strike
2-1: Ball
3-1: Base on Balls
Batting: RHB Larry Hardman 0-0: Foul Ball, location: 2F
0-1: Ball
Yasuo Nakata is caught stealing 2nd base 2-4
1-1: Foul Ball, location: 2F
1-2: Ball
2-2: SINGLE (Line Drive, 89S, EV 105.0 MPH)
Batting: RHB Chad Mendoza 0-0: Ball
1-0: Called Strike
1-1: Ball
2-1: Ball
3-1: 2-RUN HOME RUN (Flyball, 7D, EV 104.4 MPH), Distance : 411 ft
Batting: LHB Soo-yeon Kym 0-0: Ball
1-0: Called Strike
1-1: Foul Ball, location: 2F
1-2: Ball
2-2: Ball
3-2: Strikes out swinging
Batting: RHB Jeremy Coffey 0-0: Ball
1-0: Foul Ball, location: 2F
1-1: Called Strike
1-2: Ball
2-2: Strikes out swinging
Bottom of the 3rd over - 2 runs, 2 hits, 0 errors, 0 left on base; Rome 1 - Hillsboro 3
TOP OF THE 4TH
Rome Braves batting - Pitching for Hillsboro Hops : LHP Afanasy Apatenko
Batting: LHB Joe Phillips 0-0: Called Strike
0-1: Foul Ball, location: 2F
0-2: Ball
1-2: Ball
2-2: Foul Ball, location: 2F
2-2: Fly out, F7 (Flyball, 7, EV 85.6 MPH)
Batting: RHB Hisayuki Akiyama 0-0: Ball
1-0: Swinging Strike
1-1: Ball
2-1: Foul Ball, location: 2F
2-2: Ball
3-2: Foul Ball, location: 2F
3-2: Reached on error, E5 (Groundball, 56, EV 81.9 MPH)
Batting: LHB Mike Tenorio 0-0: Called Strike
0-1: Ground out 6-3 (Groundball, 4MS, EV 88.1 MPH)
Hisayuki Akiyama to third
Batting: SHB Jordan Barragan 0-0: Ground out 5-3 (Groundball, 56S, EV 73.1 MPH)
Top of the 4th over - 0 runs, 0 hits, 1 error, 1 left on base; Rome 1 - Hillsboro 3
BOTTOM OF THE 4TH
Hillsboro Hops batting - Pitching for Rome Braves : RHP Ian Breaux
Batting: RHB Jeremy Adams 0-0: Called Strike
0-1: Ball
1-1: Ball
2-1: Ball
3-1: Base on Balls
Batting: SHB Mike Kiefer 0-0: Foul Ball, location: 2F
0-1: Fielders Choice at 2nd, 3-6 (Groundball, 34, EV 83.1 MPH)
Batting: RHB Trevor Corey 0-0: Ball
1-0: Called Strike
1-1: Ball
2-1: Grounds into double play, 4-6-3 (Groundball, 4, EV 81.2 MPH)
Bottom of the 4th over - 0 runs, 0 hits, 0 errors, 0 left on base; Rome 1 - Hillsboro 3
TOP OF THE 5TH
Rome Braves batting - Pitching for Hillsboro Hops : LHP Afanasy Apatenko
Batting: RHB Andy Cunningham 0-0: Fly out, F9 (Line Drive, 9D, EV 96.9 MPH)
Batting: RHB Peter Wheeler 0-0: Ball
1-0: Called Strike
1-1: Fly out, F4 (Popup, 3D, EV 58.8 MPH)
Batting: RHB Adonis Jenifer 0-0: Ground out U3 (Groundball, 34S, EV 83.1 MPH)
Top of the 5th over - 0 runs, 0 hits, 0 errors, 0 left on base; Rome 1 - Hillsboro 3
BOTTOM OF THE 5TH
Hillsboro Hops batting - Pitching for Rome Braves : RHP Ian Breaux
Batting: RHB Larry Valencia 0-0: Ball
1-0: Ball
2-0: Ball
3-0: Called Strike
3-1: Foul Ball, location: 2F
3-2: DOUBLE (Flyball, 78D, EV 106.2 MPH)
Batting: RHB Yasuo Nakata 0-0: Ball
1-0: Ball
Larry Valencia steals 3rd base
2-0: Ball
3-0: Base on Balls
Pitching: RHP Bobby Feig
Batting: RHB Larry Hardman 0-0: Ball
1-0: Ball
Yasuo Nakata is caught stealing 2nd base 2-4
2-0: Swinging Strike
2-1: Ball
3-1: Ground out 6-3 (Groundball, 6, EV 95.6 MPH)
Larry Valencia scores
Batting: RHB Chad Mendoza 0-0: Foul Ball, location: 2F
0-1: Foul Ball, location: 2F
0-2: Ground out 2-3 (Groundball, 15S, EV 67.5 MPH)
Bottom of the 5th over - 1 run, 1 hit, 0 errors, 0 left on base; Rome 1 - Hillsboro 4
TOP OF THE 6TH
Rome Braves batting - Pitching for Hillsboro Hops : LHP Afanasy Apatenko
Batting: LHB Malik Boulay 0-0: Swinging Strike
0-1: Swinging Strike
0-2: Ball
1-2: Ball
2-2: Ball
3-2: SINGLE (Groundball, 4D, EV 108.8 MPH)
Batting: RHB Toki Takeuchi 0-0: Swinging Strike
0-1: Ball
1-1: Called Strike
1-2: Strikes out swinging
Batting: LHB Joe Phillips 0-0: Swinging Strike
0-1: Ball
1-1: Foul Ball, location: 2F
1-2: Ball
2-2: Fielders Choice at 2nd, 6-4 (Groundball, 6M, EV 86.2 MPH)
Batting: RHB Hisayuki Akiyama 0-0: TRIPLE (Flyball, 89XD, EV 90.6 MPH)
Joe Phillips scores
Batting: LHB Mike Tenorio 0-0: Called Strike
0-1: Ball
1-1: Ball
Steal of home, Hisayuki Akiyama is out
Top of the 6th over - 1 run, 2 hits, 0 errors, 0 left on base; Rome 2 - Hillsboro 4
BOTTOM OF THE 6TH
Hillsboro Hops batting - Pitching for Rome Braves : RHP Bobby Feig
Batting: LHB Soo-yeon Kym 0-0: Ball
1-0: Ball
2-0: Called Strike
2-1: Swinging Strike
2-2: Foul Ball, location: 2F
2-2: Strikes out looking
Batting: RHB Jeremy Coffey 0-0: Ball
1-0: Swinging Strike
1-1: Swinging Strike
1-2: Strikes out swinging
Batting: RHB Jeremy Adams 0-0: Called Strike
0-1: Called Strike
0-2: Ball
1-2: Ball
2-2: Ball
3-2: Strikes out swinging
Bottom of the 6th over - 0 runs, 0 hits, 0 errors, 0 left on base; Rome 2 - Hillsboro 4
TOP OF THE 7TH
Rome Braves batting - Pitching for Hillsboro Hops : LHP Afanasy Apatenko
Batting: LHB Mike Tenorio 0-0: Called Strike
0-1: Ball
1-1: Ground out 6-3 (Groundball, 6MS, EV 86.2 MPH)
Batting: SHB Jordan Barragan 0-0: Ball
1-0: Ball
2-0: Ball
3-0: Called Strike
3-1: Called Strike
3-2: Base on Balls
Batting: RHB Andy Cunningham 0-0: Ball
Jordan Barragan steals 2nd base (no throw)
1-0: Ground out 3-1 (Groundball, 34, EV 82.5 MPH)
Jordan Barragan to third
Batting: RHB Peter Wheeler 0-0: Fly out, F9 (Flyball, 89M, EV 88.1 MPH)
Top of the 7th over - 0 runs, 0 hits, 0 errors, 1 left on base; Rome 2 - Hillsboro 4
BOTTOM OF THE 7TH
Hillsboro Hops batting - Pitching for Rome Braves : RHP Bobby Feig
Pitching: RHP Wami Benthami
Batting: SHB Mike Kiefer 0-0: Foul Ball, location: 2F
0-1: Ball
1-1: Foul Ball, location: 2F
1-2: Foul Ball, location: 2F
1-2: Fly out, F9 (Flyball, 9D, EV 83.1 MPH)
Batting: RHB Trevor Corey 0-0: Ball
1-0: Ball
2-0: Called Strike
2-1: SINGLE (Groundball, 6M, EV 95.0 MPH)
Batting: RHB Larry Valencia 0-0: Called Strike
0-1: Ball
1-1: Ball
2-1: Ball
3-1: Swinging Strike
3-2: Foul Ball, location: 2F
3-2: Foul Ball, location: 2F
3-2: Fielders Choice at 2nd, 6-4 (Groundball, 6S, EV 80.6 MPH)
Batting: RHB Yasuo Nakata 0-0: Ball
1-0: Ball
2-0: Foul Ball, location: 2F
2-1: Foul Ball, location: 2F
2-2: SINGLE (Groundball, 6D, EV 101.9 MPH)
Larry Valencia to second
Larry Valencia to third
Batting: RHB Larry Hardman 0-0: Ball
Yasuo Nakata steals 2nd base
1-0: Swinging Strike
1-1: Ball
2-1: Fly out, F9 (Flyball, 89M, EV 81.2 MPH)
Bottom of the 7th over - 0 runs, 2 hits, 0 errors, 2 left on base; Rome 2 - Hillsboro 4
TOP OF THE 8TH
Rome Braves batting - Pitching for Hillsboro Hops : LHP Afanasy Apatenko
Batting: RHB Adonis Jenifer 0-0: Ball
1-0: Ball
2-0: Foul Ball, location: 2F
2-1: Swinging Strike
2-2: Ground out 6-3 (Groundball, 6, EV 79.4 MPH)
Batting: LHB Malik Boulay 0-0: Ball
1-0: Foul Ball, location: 2F
1-1: Foul Ball, location: 2F
1-2: Strikes out swinging, 2-3 out at first.
Batting: RHB Toki Takeuchi 0-0: Foul Ball, location: 2F
0-1: Ball
1-1: Foul Ball, location: 2F
1-2: Ground out 5-3 (Groundball, 5L, EV 97.5 MPH)
Top of the 8th over - 0 runs, 0 hits, 0 errors, 0 left on base; Rome 2 - Hillsboro 4
BOTTOM OF THE 8TH
Hillsboro Hops batting - Pitching for Rome Braves : RHP Wami Benthami
Pitching: RHP Jessie Mattei
Batting: RHB Chad Mendoza 0-0: Ball
1-0: Swinging Strike
1-1: Called Strike
1-2: Ball
2-2: Ground out 6-3 (Groundball, 56, EV 90.6 MPH)
Batting: LHB Soo-yeon Kym 0-0: Called Strike
0-1: Ground out 5-3 (Groundball, 56S, EV 85.6 MPH)
Batting: RHB Jeremy Coffey 0-0: SINGLE (Groundball, 15, EV 92.5 MPH) (infield hit)
Batting: RHB Jeremy Adams 0-0: Ball
Wild Pitch!
Jeremy Coffey to second
1-0: Foul Ball, location: 2F
1-1: Foul Ball, location: 2F
1-2: Strikes out swinging
Bottom of the 8th over - 0 runs, 1 hit, 0 errors, 1 left on base; Rome 2 - Hillsboro 4
TOP OF THE 9TH
Rome Braves batting - Pitching for Hillsboro Hops : LHP Afanasy Apatenko
Batting: LHB Joe Phillips 0-0: Ball
1-0: Ball
2-0: Ground out 4-3 (Groundball, 4, EV 108.8 MPH)
Batting: RHB Hisayuki Akiyama 0-0: Called Strike
0-1: Ball
1-1: Called Strike
1-2: Ball
2-2: Fly out, F6 (Line Drive, 6, EV 66.2 MPH)
Batting: LHB Mike Tenorio 0-0: Ball
1-0: Ball
2-0: Foul Ball, location: 2F
2-1: Ball
3-1: Swinging Strike
3-2: Foul Ball, location: 2F
3-2: Foul Ball, location: 2F
3-2: Base on Balls
Pinch Runner at 1st Robby Dann:
Batting: SHB Jordan Barragan 0-0: Called Strike
0-1: Ball
1-1: Ground out 6-3 (Groundball, 6S, EV 88.8 MPH)
Top of the 9th over - 0 runs, 0 hits, 0 errors, 1 left on base; Rome 2 - Hillsboro 4
Wednesday, June 22nd , 2022 - OOTP Baseball 23.4 Build 64